 Dungeon Crawl Stone Soup version 0.27-b1-2-g8387495791 (webtiles) character file.

Game seed: 17228069157245409752

108 seveneves the Shield-Bearer (level 4, -1/40 HPs)
             Began as a Minotaur Fighter on July 25, 2021.
             Was a Follower of Dithmenos.
             Slain by an orc wizard (4 damage)
             ... on level 3 of the Dungeon.
             The game lasted 00:10:59 (1942 turns).

seveneves the Shield-Bearer (Minotaur Fighter)      Turns: 1942, Time: 00:10:59

Health: -1/40      AC:  7    Str: 19 (21) XL:     4   Next: 58%
Magic:  3/3        EV:  7    Int:  2 (5)  God:    Dithmenos [*.....]
Gold:   68         SH:  9    Dex:  9 (10) Spells: 3/3 levels left

rFire    . . .     SeeInvis .   a - +0 long sword
rCold    . . .     Faith    .   c - +0 kite shield
rNeg     . . .     Spirit   .   b - +0 scale mail
rPois    .         Reflect  .   (helmet restricted)
rElec    .         Harm     .   (no cloak)
rCorr    .         Rampage  .   (no gloves)
Will     .....                  (no boots)
Stlth    ..........             (no amulet)
HPRegen  0.13/turn              (no ring)
MPRegen  0.08/turn              (no ring)

@: wreathed by umbra
A: horns 2, retaliatory headbutt
a: Renounce Religion


You were on level 3 of the Dungeon.
You worshipped Dithmenos.
Dithmenos was aware of your devotion.
You visited 1 branch of the dungeon, and saw 3 of its levels.

You collected 68 gold pieces.

Inventory:

Hand Weapons
 a - a +0 long sword (weapon)
 f - a +1 hunting sling of flaming
Missiles
 j - 2 sling bullets
Armour
 b - a +0 scale mail (worn)
 c - a +0 kite shield (worn)
Potions
 d - a potion of might


   Skills:
 + Level 4.2 Fighting
 + Level 3.6 Long Blades
 + Level 1.0 Slings
 + Level 4.3 Armour
 + Level 0.6 Dodging
 + Level 4.5 Shields


You had 3 spell levels left.
You didn't know any spells.
Your spell library contained the following spells:

 Spells                   Type           Power      Damage    Failure   Level
 Animate Skeleton         Necr           0%         N/A       100%        1
 Pain                     Necr           0%         1d4       100%        1
 Vampiric Draining        Necr           0%         2d6       100%        3


Dungeon Overview and Level Annotations

Branches:
Dungeon (3/15)

Altars:
Dithmenos


Innate Abilities, Weirdness & Mutations

You have a pair of horns on your head.
You reflexively headbutt those who attack you in melee.


Message History

The orc wizard gestures at you while chanting.
The magic dart hits you.
A jackal comes into view.
The jackal bites you but does no damage.
You block the jackal's attack.
You hit the orc priest.
The orc priest is heavily wounded.
The jackal bites you but does no damage.
The orc wizard hits you but does no damage.
The orc priest hits you but does no damage.
The jackal bites you.
You closely miss the orc priest.
The orc priest is heavily wounded.
You hit the orc priest but do no damage.
The orc priest is heavily wounded.
You block the jackal's attack.
The orc wizard mumbles some strange words.
The orc wizard flickers and vanishes!
Deactivating autopickup; reactivate with Ctrl-A.
The orc priest mumbles some strange prayers to Beogh against you.
Beogh smites you!
The jackal bites you but does no damage.
Something hits you.
* * * LOW HITPOINT WARNING * * *
The orc priest hits you with a +0 hand axe.
* * * LOW HITPOINT WARNING * * *
A jackal comes into view.
You hear a bark!
You closely miss something. The jackal bites you.
* * * LOW HITPOINT WARNING * * *
You block the jackal's attack. Something hits you but does no damage.
The orc priest calls down the wrath of Beogh upon you.
You barely resist. The jackal bites you.
* * * LOW HITPOINT WARNING * * *
The jackal barely misses you.
You barely miss the orc priest. You headbutt the orc priest.
The orc priest is heavily wounded.
A jackal comes into view.
You block the jackal's attack. x2; Something hits you.
You die...

## .. #### .# #
.(. .####.#
#(####.#.....
###{@(.....##.#
#..ohh(.......#
#.#..##<##.####
...(.h##....#
#...(...#####.#
#.##.##.# # #
#. ..h ## ..#


You could see an orc priest and 4 jackals.

Vanquished Creatures
  A water moccasin skeleton (D:3)
  An adder (D:2)
  A worm (D:2)
  A dart slug (D:2)
  3 orcs (D:3)
  6 ball pythons
  5 endoplasms
  3 goblins (D:1)
  3 hobgoblins
  2 jackals (D:2)
  5 quokkas
  2 bats
  2 frilled lizards (D:1)
  3 kobolds (D:2)
  4 rats
42 creatures vanquished.

Notes
Turn   | Place    | Note
-------+----------+-------------------------------------------
     0 | D:1      | seveneves the Minotaur Fighter began the quest for the Orb.
     0 | D:1      | Reached XP level 1. HP: 19/19 MP: 0/0
   215 | D:1      | Found a faded altar of an unknown god.
   230 | D:1      | Became a worshipper of Dithmenos the Shadowed
   230 | D:1      | Reached * piety under Dithmenos
   244 | D:1      | Reached XP level 2. HP: 12/27 MP: 1/1
  1409 | D:2      | Reached XP level 3. HP: 26/33 MP: 2/2
  1925 | D:3      | Reached skill level 1 in Slings
  1925 | D:3      | Reached XP level 4. HP: 36/40 MP: 3/3
  1942 | D:3      | Slain by an orc wizard

Illustrated notes

Levels and vault maps discovered:
D:1:      lightli_arrival_windingriver, layout_basic,
          ebering_ecumenical_altar_webs, st_stairs_3
D:2:      layout_basic, hex_large, minmay_misc_feat_nine_boxes,
          kennysheep_decorative_pillar, grunt_decor_arrowhead
D:3:      layout_loops_cross, mainiacjoe_overflow_alcove_3, uniq_jessica,
          uniq_sigmund

Skill      XL: |  1  2  3 |
---------------+----------+-----
Fighting       | 4 |  4.2
Shields        | 4 |  4.5
Long Blades    | 3 |  3.6
Slings         | 1 |  1.0
Armour         | 4 |  4.3
Dodging        | |  0.6

Action                   |  1- 3 |  4- 6 || total
-------------------------+-------+-------++-------
Melee: Long sword        |    80 |    10 ||    90
       Headbutt          |     9 |     3 ||    12
 Fire: Hunting sling     |    19 |     3 ||    22
  Use: Potion            |     3 |       ||     3
       Scroll            |     2 |       ||     2
Armor: Scale mail        |    31 |     8 ||    39
       Skin              |     1 |       ||     1
Dodge: Dodged            |    30 |     3 ||    33
Block: Kite shield       |    58 |    10 ||    68
       Rpst.: Long sword |     5 |       ||     5
